 Dungeon Crawl Stone Soup version 0.22.1-1-ga44c0e5 (webtiles) character file.

10763 Iscandelvey the Destroyer (level 11, -7/74 HPs)
             Began as a Demigod Conjurer on Oct 23, 2018.
             Shot with a bolt by a yaktaur (18 damage)
             ... on level 12 of the Dungeon.
             The game lasted 01:32:01 (14560 turns).

Iscandelvey the Destroyer (Demigod Conjurer)       Turns: 14560, Time: 01:32:01

Health: -7/74      AC: 13    Str: 11    XL:     11   Next: 17%
Magic:  18/26      EV: 14    Int: 25    God:
Gold:   557        SH:  0    Dex: 18    Spells: 4/24 levels left

rFire    . . .     SeeInvis .   B - +4 dagger "Raenowi" {freeze, rC+}
rCold    + . .     Gourm    +   (no shield)
rNeg     . . .     Faith    .   U - +0 troll leather armour
rPois    .         Spirit   .   H - +2 helmet
rElec    .         Reflect  .   F - +2 cloak {+Inv}
rCorr    .         Harm     .   u - +0 pair of gloves
MR       +....                  (no boots)
Stlth    +.........             G - amulet of the gourmand
HPRegen  0.62/turn              V - +2 ring of dexterity
MPRegen  0.20/turn              Y - +3 ring of slaying

@: contaminated, glowing, invisible (but backlit and visible)
A: high mp 1
a: no special abilities


You were on level 12 of the Dungeon.
You were full.

You visited 2 branches of the dungeon, and saw 13 of its levels.

You collected 557 gold pieces.

Inventory:

Hand Weapons
 g - a +0 dagger
 r - a +2 whip of venom
 B - the +4 dagger "Raenowi" (weapon) {freeze, rC+}
   (You found it on level 5 of the Dungeon)

   It has been specially enchanted to freeze those struck by it, causing extra
   injury to most foes and up to half again as much damage against particularly
   susceptible opponents.
   It can also slow down cold-blooded creatures.
   It protects you from cold.
 M - a +0 shortbow
 T - the +10 morningstar "Eos" {elec, Halo rElec}
   (You found it on level 8 of the Dungeon)

   Occasionally, upon striking a foe, it will discharge some electrical energy
   and cause terrible harm.
   It insulates you from electricity.
Missiles
 b - 279 stones (quivered)
 j - 114 sling bullets
 l - 24 poisoned needles
 n - 3 throwing nets
 z - 37 bolts
 N - 82 arrows
Armour
 a - a +0 robe
 k - a +0 buckler
 u - a +0 pair of gloves (worn)
 x - a scarf of cloud immunity
 C - a +1 leather armour of magic resistance
 F - a +2 cloak of invisibility (worn)
 H - a +2 helmet (worn)
 U - a +0 troll leather armour (worn)
 W - the +6 scale mail of Asiochux {rC+ SInv}
   (You found it on level 11 of the Dungeon)

   It protects you from cold.
   It lets you see invisible.
Jewellery
 f - an uncursed ring of ice
 G - an amulet of the gourmand (around neck)
 V - a +2 ring of dexterity (left hand)
 Y - a +3 ring of slaying (right hand)
Wands
 D - a wand of disintegration (17)
 K - a wand of scattershot (5)
 S - a wand of iceblast (18)
Scrolls
 h - 2 scrolls of enchant armour {unknown}
 m - 4 scrolls of teleportation
 o - 3 scrolls of identify
 s - 3 scrolls of amnesia {unknown}
 t - 3 scrolls of enchant weapon {unknown}
 v - 2 scrolls of blinking {unknown}
 y - 7 scrolls of remove curse
 A - 2 scrolls of fear {unknown}
 I - a scroll of random uselessness {unknown}
 O - a scroll of immolation {unknown}
 Q - a scroll of fog {unknown}
 R - a scroll of vulnerability {unknown}
 X - a scroll of brand weapon {unknown}
Potions
 d - 3 potions of haste {unknown}
 e - a potion of ambrosia {unknown}
 i - a potion of cancellation {unknown}
 p - 2 potions of might {unknown}
 q - a potion of flight
 w - a potion of curing
 E - 2 potions of brilliance
 J - 2 potions of degeneration
 L - 2 potions of heal wounds {unknown}
 P - a potion of agility {unknown}
Comestibles
 c - 17 rations


   Skills:
 - Level 1.0 Bows
 * Level 6.5 Armour
 + Level 4.1 Dodging
 - Level 4.6 Stealth
 * Level 0.3 Shields
 * Level 7.3 Spellcasting
 * Level 8.6 Conjurations
 - Level 2.2 Hexes
 - Level 0.2 Translocations
 - Level 0.6 Fire Magic
 - Level 0.2 Earth Magic
 * Level 8.4 Evocations


You had 4 spell levels left.
You knew the following spells:

 Your Spells              Type           Power        Failure   Level  Hunger
a - Magic Dart            Conj           ####         1%          1    None
b - Searing Ray           Conj           ######       1%          2    None
c - Dazzling Spray        Conj/Hex       #####.       2%          3    None
d - Conjure Flame         Conj/Fire      ####....     3%          3    None
e - Fulminant Prism       Conj/Hex       #####.....   9%          4    ###....
f - Stone Arrow           Conj/Erth      ####..       4%          3    None
g - Force Lance           Conj/Tloc      ####....     13%         4    ###....

Your spell library contained the following spells:

 Spells                   Type           Power        Failure   Level  Hunger
 Flame Tongue             Conj/Fire      ####.        1%          1    None
 Throw Flame              Conj/Fire      ####..       1%          2    None
 Iskenderun's Mystic Bla  Conj           ######..     2%          4    ###....
 Confusing Touch          Hex            ###...       3%          1    None
 Apportation              Tloc           ##....       8%          1    None
 Sandblast                Erth           ##....       8%          1    None
 Animate Skeleton         Necr           N/A          9%          1    None
 Summon Small Mammal      Summ           #...         9%          1    None
 Passwall                 Tmut/Erth      #.......     12%         2    None
 Sticky Flame             Conj/Fire      ####....     12%         4    ###....
 Inner Flame              Hex/Fire       ###.....     14%         3    None
 Petrify                  Tmut/Erth      #.......     61%         4    ###....
 Fireball                 Conj/Fire      ####......   34%         5    #####..
 Lee's Rapid Deconstruct  Erth           ##........   90%         5    #####..


Dungeon Overview and Level Annotations

Branches:
Dungeon (12/15)            Temple (1/1) D:7            Lair (0/6) D:11
    Orc: D:9-12

Shops:
D:6 (

Annotations:
D:11 3 runed doors, Virusyak's ghost, novice FoFi


Innate Abilities, Weirdness & Mutations

You have an increased reservoir of magic. (+10% MP)


Message History

You are lightly contaminated with residual magic.
There is an open door here.
The yaktaur shoots a bolt.
The yaktaur shouts!
A yaktaur comes into view.
The yaktaur shouts!
You hear a shout!
The yaktaur shoots a bolt.
The bolt barely misses you.
You are contaminated with residual magic.
Casting: Force Lance (safe; 13% risk of failure)
Confirm with . or Enter, or press ? or * to list all spells.
Aiming: Fulminant Prism (safe; 9% risk of failure)
Press: ? - help, Dir - move target cursor You conjure a prism of explosive energy!
The yaktaur wields an arbalest.
The yaktaur shoots a bolt.
The bolt hits you!!
The yaktaur shoots a bolt.
The bolt hits you!
The yaktaur wields an arbalest.
The yaktaur shoots a bolt.
The bolt hits you!!
* * * LOW HITPOINT WARNING * * *
Sorry, you're not good enough to have a special ability.
The yaktaur shoots a bolt.
The bolt hits you!!
You die...

#....c...#########
#................#
#................#
#................#
#......cc........#
#....c...........#
#......*.........####
#...(#.........>.....
########...@#...........(...
#<.....(.....†.............(
########(...###############.
#....# #+ #....# .. ######
... .... ..... #.....


You could see 2 yaktaurs.

Vanquished Creatures
  Snorg (D:11)
  A two-headed ogre (D:8)
  An elephant (D:10)
  Psyche (D:11)
  A kobold demonologist (D:12)
  A troll (D:8)
  Prince Ribbit (D:5)
  A hippogriff (D:10)
  A shadow (D:12)
  9 yaks
  A wraith (D:10)
  2 basilisks (D:11)
  3 hungry ghosts
  A water moccasin (D:6)
  3 orc warriors
  2 ice beasts
  A sky beast (D:7)
  A black bear (D:6)
  A necrophage (D:6)
  5 ogres
  3 phantoms
  4 centaurs
  A big kobold (D:10)
  5 bullfrogs
  4 scorpions
  15 killer bees
  7 wights
  3 howler monkeys (D:9)
  4 electric eels (D:7)
  4 crimson imps
  3 centaur zombies
  10 hounds
  A quasit (D:11)
  5 orc priests
  2 bullfrog skeletons
  2 centaur skeletons
  5 iguanas
  Natasha (twice) (D:4)
  6 orc wizards
  8 worker ants
  A hound zombie (D:10)
  2 hound skeletons
  A worker ant zombie (D:11)
  6 adders
  2 shadow imps
  2 oozes
  A dart slug (D:5)
  4 worms
  2 leopard geckos
  22 orcs
  6 bats
  4 giant cockroaches
  6 goblins
  7 hobgoblins
  16 jackals
  10 quokkas
  11 frilled lizards
  6 kobolds
  A quokka zombie (D:9)
  4 rats
246 creatures vanquished.

Vanquished Creatures (others)
  A yak (D:10)
  A shadow imp (D:7)
  10 fulminant prisms
12 creatures vanquished.

Grand Total: 258 creatures vanquished

Notes
Turn   | Place    | Note
-------+----------+-------------------------------------------
     0 | D:1      | Iscandelvey the Demigod Conjurer began the quest for the
                  | Orb.
     0 | D:1      | Reached XP level 1. HP: 14/14 MP: 5/5
   516 | D:1      | Reached XP level 2. HP: 20/20 MP: 0/7
  1098 | D:2      | Reached XP level 3. HP: 13/26 MP: 0/8
  1209 | D:2      | Found a faded altar of an unknown god.
  1515 | D:2      | Found an opulent altar of Gozag.
  1530 | D:2      | Reached XP level 4. HP: 22/33 MP: 8/10
  1543 | D:2      | Learned a level 2 spell: Searing Ray
  1547 | D:2      | Learned a level 3 spell: Dazzling Spray
  2023 | D:3      | Reached skill level 5 in Conjurations
  2284 | D:3      | Found a burning altar of Makhleb.
  2288 | D:3      | Reached XP level 5. HP: 36/38 MP: 6/11
  2514 | D:3      | Found an iron altar of Okawaru.
  2694 | D:4      | Noticed a phantom
  2707 | D:3      | Reached skill level 1 in Armour
  2811 | D:3      | Killed a phantom
  3468 | D:4      | Reached XP level 6. HP: 39/45 MP: 11/14
  3880 | D:4      | Reached XP level 7. HP: 22/50 MP: 0/16
  4049 | D:4      | Noticed Natasha
  4151 | D:4      | Killed Natasha
  4200 | D:4      | Noticed Natasha
  4213 | D:4      | Killed Natasha
  4759 | D:5      | Entered Level 5 of the Dungeon
  5073 | D:5      | Got a slimy dagger
  5077 | D:5      | Identified the +4 dagger "Raenowi" {freeze, rC+} (You found
                  | it on level 5 of the Dungeon)
  5583 | D:5      | Reached XP level 8. HP: 48/57 MP: 15/18
  5680 | D:5      | Noticed Prince Ribbit
  5698 | D:5      | Reached skill level 5 in Spellcasting
  5699 | D:5      | Killed Prince Ribbit
  5699 | D:5      | Reached skill level 1 in Hexes
  5974 | D:6      | Reached skill level 1 in Evocations
  6382 | D:6      | Found a white marble altar of Elyvilon.
  7059 | D:6      | Found Ijeg's Weapon Shop.
  7136 | D:6      | Found a glowing golden altar of the Shining One.
  7393 | D:7      | Reached XP level 9. HP: 62/62 MP: 13/21
  7561 | D:7      | Found a staircase to the Ecumenical Temple.
  7584 | Temple   | Entered the Ecumenical Temple
  8552 | D:7      | Found a sacrificial altar of Ru.
  8675 | D:8      | Learned a level 3 spell: Conjure Flame
  8680 | D:8      | Learned a level 4 spell: Fulminant Prism
  8685 | D:8      | Found a sparkling altar of Nemelex Xobeh.
  9029 | D:8      | Noticed a two-headed ogre
  9047 | D:8      | Killed a two-headed ogre
  9245 | D:8      | Learned a level 3 spell: Stone Arrow
  9250 | D:8      | Learned a level 4 spell: Force Lance
  9855 | D:8      | Found the +10 morningstar "Eos" {elec, Halo rElec}
 10297 | D:9      | Reached skill level 1 in Bows
 10360 | D:9      | Reached XP level 10. HP: 69/69 MP: 7/25
 10823 | D:9      | Found a stormy altar of Qazlal.
 11037 | D:10     | Entered Level 10 of the Dungeon
 11440 | D:10     | Reached skill level 5 in Evocations
 12117 | D:11     | Found a staircase to the Lair.
 12340 | D:11     | Noticed Snorg
 12475 | D:11     | Killed Snorg
 12606 | D:11     | Got a translucent scale mail
 12626 | D:11     | Identified the +6 scale mail of Asiochux {rC+ SInv} (You
                  | found it on level 11 of the Dungeon)
 12663 | D:11     | Found a runed gate.
 12663 | D:11     | Found a runed gate.
 12667 | D:11     | Found an opulent altar of Gozag.
 12667 | D:11     | Found a runed gate.
 12668 | D:11     | Noticed Virusyak's ghost (novice FoFi)
 12692 | D:11     | Noticed an elephant
 12694 | D:11     | Noticed Psyche
 12779 | D:10     | Killed an elephant
 12779 | D:10     | Reached skill level 5 in Armour
 13365 | D:11     | Killed Psyche
 13917 | D:10     | Reached XP level 11. HP: 53/74 MP: 16/26
 14560 | D:12     | Shot with a bolt by a yaktaur

Skill      XL: |  1  2  3  4  5  6  7  8  9 10 11 |
---------------+----------------------------------+-----
Conjurations   | 4 5 6 7 8 |  8.6
Dodging        | 2 3 4 |  4.1
Spellcasting   | 2 3 4 6 7 |  7.3
Stealth        | 2 3 4 |  4.6
Armour         | 1 2 3 4 5 6 |  6.5
Hexes          | 1 2 |  2.2
Evocations     | 2 3 8 |  8.4
Bows           | 1 |  1.0
Shields        | |  0.3
Translocations | |  0.2
Fire Magic     | |  0.6
Earth Magic    | |  0.2

Action                   |  1- 3 |  4- 6 |  7- 9 | 10-12 || total
-------------------------+-------+-------+-------+-------++-------
Melee: Unarmed           |     5 |       |       |       ||     5
       Club              |     4 |       |       |       ||     4
       Dagger            |    19 |       |   187 |   140 ||   346
       Whip              |    19 |    20 |    32 |       ||    71
       Morningstar       |       |       |       |    37 ||    37
 Fire: Shortbow          |       |       |    21 |   119 ||   140
 Cast: Magic Dart        |    57 |    53 |    87 |     3 ||   200
       Searing Ray       |       |    21 |    22 |     1 ||    44
       Dazzling Spray    |       |     3 |    45 |    32 ||    80
       Conjure Flame     |       |       |    14 |    20 ||    34
       Force Lance       |       |       |    10 |    22 ||    32
       Stone Arrow       |       |       |     7 |    11 ||    18
       Fulminant Prism   |       |       |       |    11 ||    11
 Abil: Evoke Invisibilit |       |       |     1 |     6 ||     7
Evoke: Wand              |       |       |       |     1 ||     1
  Use: Potion            |       |     1 |       |     3 ||     4
       Scroll            |       |       |     5 |     1 ||     6
 Stab: Sleeping          |     2 |       |     5 |     1 ||     8
       Invisible         |       |       |    12 |     3 ||    15
  Eat: Chunk             |     2 |     9 |    21 |    30 ||    62
       Ration            |       |       |     1 |       ||     1
Armor: Robe              |    12 |     9 |     2 |       ||    23
       Leather armour    |       |       |    60 |       ||    60
       Troll leather arm |       |       |     9 |    75 ||    84
       Scale mail        |       |       |       |    48 ||    48
Dodge: Dodged            |    43 |    53 |   178 |   213 ||   487
